 Dungeon Sprint DCSS version 0.31-a0-8-gd14b0f4ee2 (webtiles) character file.

Game seed: 9122995758980211029

5849 rocky1 the Earth Mage (level 10, -2/50 HPs)
             Began as a Deep Elf Earth Elementalist on May 7, 2023.
             Was a High Priest of Sif Muna.
             Slain by an orc warrior
             ... wielding a +0 flail
             ... led by an orc knight
              (19 damage)
             ... in the Dungeon (Sprint VII: "The Pits").
             The game lasted 00:08:37 (2956 turns).

rocky1 the Earth Mage (Deep Elf Earth Elementalist) Turns: 2956, Time: 00:08:38

Health: -2/50      AC:  6    Str:  5    XL:     10   Next: 51%
Magic:  19/29      EV: 12    Int: 28    God:    Sif Muna [*****.]
Gold:   0          SH:  0    Dex: 15    Spells: 17/36 levels left

rFire   . . .        p - +2 scimitar (venom)
rCold   . . .        (no shield)
rNeg    . . .        a - +0 robe
rPois   .            (no helmet)
rElec   .            o - +0 cloak
rCorr   .            (no gloves)
SInv    .            (no boots)
Will    +....        (no amulet)
Stlth   ++           l - +3 ring of protection
HPRegen 0.28/turn    k - +3 ring of intelligence
MPRegen 0.21/turn

%: no teleportation
@: invisible
A: no striking features
a: Renounce Religion, Channel Magic, Forget Spell, Divine Exegesis


You were in the Dungeon.
You worshipped Sif Muna.
Sif Muna was extremely pleased with you.
You visited 1 branch

Inventory:

Hand Weapons
 g - a +0 long sword of flaming
 p - a +2 scimitar of venom (weapon)
Armour
 a - a +0 robe (worn)
 o - a +0 cloak (worn)
Jewellery
 k - a +3 ring of intelligence (right hand)
 l - a +3 ring of protection (left hand)
Scrolls
 i - 5 scrolls of amnesia
Potions
 b - 5 potions of magic
 c - 6 potions of curing
 d - 11 potions of heal wounds
 f - 3 potions of berserk rage
 h - a potion of invisibility
 m - 3 potions of might
 n - a potion of mutation


   Skills:
 - Level 2.4 Dodging
 - Level 2.4 Stealth
 + Level 13.7 Spellcasting
 * Level 15.9 Conjurations
 - Level 1.1 Transmutations
 * Level 16.2 Earth Magic
 + Level 11.4 Invocations


You had 17 spell levels left.
You knew the following spells:

 Your Spells              Type           Power      Damage    Failure   Level
a - Sandblast             Erth           100%       2d20      0%          1
b - Stone Arrow           Conj/Erth      100%       3d13      0%          3
c - Iron Shot             Conj/Erth      41%        9d8       1%          6
d - Iskenderun's Battles  Conj           83%        2d13      1%          5
e - Iskenderun's Mystic   Conj/Tloc      59%        2d12      1%          4

Your spell library contained the following spells:

 Spells                   Type           Power      Damage    Failure   Level
 Kiss of Death            Conj/Necr      100%       2d13      1%          1
 Shock                    Conj/Air       100%       1d9       1%          1
 Momentum Strike          Conj/Tloc      100%       3d10      1%          2
 Passwall                 Tmut/Erth      50%        N/A       1%          2
 Static Discharge         Conj/Air       100%       2-7/arc   1%          2
 Dazzling Flash           Conj/Hex       100%       N/A       1%          3
 Animate Armour           Summ/Erth      100%       N/A       1%          4
 Petrify                  Tmut/Erth      61%        N/A       1%          4
 Lesser Beckoning         Tloc           38%        N/A       4%          2
 Poisonous Vapours        Pois/Air       38%        N/A       4%          2
 Portal Projectile        Hex/Tloc       38%        N/A       9%          3
 Teleport Other           Tloc           19%        N/A       9%          3
 Freezing Cloud           Conj/Ice/Air   24%        6-21      9%          5
 Manifold Assault         Tloc           19%        N/A       26%         4
 Olgreb's Toxic Radiance  Pois           19%        N/A       26%         4
 Passage of Golubria      Tloc           19%        N/A       26%         4
 Summon Forest            Summ/Tloc      9%         N/A       58%         5
 Spellforged Servitor     Conj/Summ      29%        N/A       65%         7


Dungeon Overview and Level Annotations

Branches:
Dungeon (1/1)

Altars:
Ashenzari
Cheibriados
Dithmenos
Elyvilon
Fedhas
Gozag
Hepliaklqana
Kikubaaqudgha
Makhleb
Nemelex Xobeh
Okawaru
Qazlal
Ru
Sif Muna
Trog
Uskayaw
Vehumet
Wu Jian
Xom
Yredelemnul
Zin
The Shining One
Jiyva
Lugonu


Message History

Wisps of shadow whirl around you... The orc barely misses you.
The orc warrior hits you with a +0 flail!
The orc warrior hits you from afar with a +2 glaive of flaming!
The orc warrior burns you.
Unknown command.
Aiming: Stone Arrow (safe; 0% risk of failure)
Press: ? - help, Q - select action, (/) - cycle Shift-Dir - straight line, f/p - orc warrior
Aim: an orc warrior, wielding a +2 glaive of flaming and wearing a +0 chain mail (almost dead, 75% to hit)
The stone arrow hits the orc warrior.
The orc warrior is lightly wounded.
Your battlesphere fires!
The barrage of energy hits the orc warrior!
The orc warrior is severely wounded.
The orc warrior barely misses you.
The orc warrior hits you from afar with a +2 glaive of flaming.
The orc warrior burns you.
The orc knight roars a battlecry!
The orcs go into a battle-frenzy!
The orc barely misses you.
Your small abomination hits the wolf.
Casting: Stone Arrow (safe; 0% risk of failure)
Confirm with . or Enter, or press ? or * to list all spells.
You don't know that spell.
Casting: Stone Arrow (safe; 0% risk of failure)
Confirm with . or Enter, or press ? or * to list all spells.
Okay, then.
Casting: Stone Arrow (safe; 0% risk of failure)
Confirm with . or Enter, or press ? or * to list all spells.
Really blast near your small abomination?
Okay, then.
Okay, then.
You fade into invisibility!
The wolf barely misses you. The orc hits you with a +0 short sword.
The orc warrior completely misses you.
The orc hits you from afar with a +0 trident.
Your small abomination hits the orc!!
The orc dies!
Sif Muna accepts your kill. The wolf bites you but does no damage.
The orc warrior hits you with a +0 flail!!
You die...

#)#####......#..#......##........
..#[[##................##........
..#))#####'#####''###############
###))##.......##''#
..#.)##.......##..#
..#..##.......##..#
..#'###...<...##..# #
.....##.......##..# .###
.....##.......##@o#....##
#######.......##.hzoo...# ..#..
##########.)o.....+
..#.############.x'o....#
..#.#....#...[##..#*...##
.##÷#....#..[[##..#..###
..#.'....'..).##..####
.†#'#....#..))##..#
..).#....#..))##..#


You could see an orc knight (unable to see you, ally target), 3 orc warriors, a
wolf, a flying skull (unable to see you), an orc (strong, unable to see you), a
friendly small abomination (summoned) and a friendly battlesphere.

Vanquished Creatures
  2 deep trolls (D)
  An orc knight (D)
  Pikel (D)
  A deep elf zephyrmancer (D)
  A manticore (D)
  A smoke demon (D)
  A guardian serpent (D)
  An orange demon (D)
  A cane toad (D)
  A rime drake (D)
  An ice devil (D)
  2 hellwings (D)
  A vampire (D)
  Eustachio (D)
  A water moccasin (D)
  4 orc warriors (D)
  A phantom (D)
  A bullfrog (D)
  2 orc priests (D)
  An iguana (D)
  2 orc wizards (D)
  An adder (D)
  A white imp (D)
  An ufetubus (D)
  6 orcs (D)
  3 endoplasms (D)
  A giant cockroach (D)
  4 jackals (D)
  2 frilled lizards (D)
  2 goblins (D)
  2 kobolds (D)
51 creatures vanquished.

Vanquished Creatures (collateral kills)
  An orc (D)
1 creature vanquished.

Grand Total: 52 creatures vanquished

Notes
Turn   | Place    | Note
-------+----------+-------------------------------------------
     0 | D        | rocky1 the Deep Elf Earth Elementalist began the quest for
                  | the Orb.
     0 | D        | Reached XP level 1. HP: 10/10 MP: 6/6
    14 | D        | Reached skill level 1 in Conjurations
    19 | D        | Found a bloodstained altar of Trog.
    19 | D        | Found a shimmering blue altar of Sif Muna.
    19 | D        | Found a viscous altar of Jiyva.
    19 | D        | Found a hazy altar of Hepliaklqana.
    19 | D        | Found an opulent altar of Gozag.
    20 | D        | Found a glowing golden altar of the Shining One.
    20 | D        | Found a glowing silver altar of Zin.
    20 | D        | Found a basalt altar of Yredelemnul.
    20 | D        | Found a shimmering altar of Xom.
    20 | D        | Found an ornate altar of the Wu Jian Council.
    20 | D        | Found a sacrificial altar of Ru.
    20 | D        | Found a stormy altar of Qazlal.
    20 | D        | Found an iron altar of Okawaru.
    20 | D        | Found a sparkling altar of Nemelex Xobeh.
    20 | D        | Found a burning altar of Makhleb.
    20 | D        | Found a blossoming altar of Fedhas.
    20 | D        | Found a white marble altar of Elyvilon.
    20 | D        | Found a shadowy altar of Dithmenos.
    20 | D        | Found a snail-covered altar of Cheibriados.
    23 | D        | Found a corrupted altar of Lugonu.
    23 | D        | Found a radiant altar of Vehumet.
    24 | D        | Found an ancient bone altar of Kikubaaqudgha.
    24 | D        | Found a hide-covered altar of Uskayaw.
    24 | D        | Found a broken altar of Ashenzari.
    25 | D        | Became a worshipper of Sif Muna the Loreminder
    59 | D        | Reached skill level 1 in Invocations
    59 | D        | Reached * piety under Sif Muna
   185 | D        | Reached skill level 4 in Earth Magic
   186 | D        | Reached ** piety under Sif Muna
   371 | D        | Noticed a water moccasin
   372 | D        | Reached XP level 2. HP: 3/15 MP: 5/8
   377 | D        | Killed a water moccasin
   378 | D        | Reached skill level 5 in Spellcasting
   378 | D        | Reached skill level 5 in Conjurations
   378 | D        | Reached skill level 6 in Earth Magic
   378 | D        | Reached XP level 3. HP: 19/19 MP: 2/12
   378 | D        | Reached XP level 4. HP: 24/24 MP: 2/13
   472 | D        | Reached *** piety under Sif Muna
   485 | D        | Learned a level 3 spell: Stone Arrow
   529 | D        | Noticed a lemure
   529 | D        | Noticed a lemure
   531 | D        | Noticed Pikel
   533 | D        | Noticed a lemure
   540 | D        | Killed Pikel
   541 | D        | Reached skill level 10 in Earth Magic
   541 | D        | Reached XP level 5. HP: 28/28 MP: 4/18
   541 | D        | Reached XP level 6. HP: 32/32 MP: 4/19
   541 | D        | Reached XP level 7. HP: 36/36 MP: 4/21
   546 | D        | Reached **** piety under Sif Muna
   547 | D        | Reached skill level 10 in Conjurations
   552 | D        | Reached ***** piety under Sif Muna
   582 | D        | Received a gift from Sif Muna
   600 | D        | Learned a level 6 spell: Iron Shot
   770 | D        | Noticed a cane toad
   774 | D        | Killed a cane toad
   775 | D        | Reached skill level 11 in Earth Magic
   866 | D        | Received a gift from Sif Muna
   868 | D        | Reached XP level 8. HP: 41/41 MP: 13/23
   870 | D        | Reached skill level 10 in Spellcasting
   870 | D        | Got Sif Muna's Book of Non-Euclidean Envenoming {god gift}
  1055 | D        | Noticed a smoke demon
  1055 | D        | Noticed a manticore
  1101 | D        | Killed a smoke demon
  1102 | D        | Reached skill level 12 in Earth Magic
  1104 | D        | Killed a manticore
  1411 | D        | Learned a level 5 spell: Iskenderun's Battlesphere
  1420 | D        | Noticed a deep troll
  1422 | D        | Noticed a hellwing
  1430 | D        | Killed a deep troll
  1431 | D        | Reached skill level 13 in Earth Magic
  1431 | D        | Reached XP level 9. HP: 45/45 MP: 13/26
  1432 | D        | Killed a hellwing
  1554 | D        | Noticed an orange demon
  1554 | D        | Noticed a deep elf zephyrmancer
  1555 | D        | Killed a deep elf zephyrmancer
  1555 | D        | Noticed Eustachio
  1556 | D        | Reached skill level 14 in Earth Magic
  1560 | D        | Killed an orange demon
  1561 | D        | Reached skill level 10 in Invocations
  1562 | D        | Killed Eustachio
  1903 | D        | Noticed a deep troll
  1905 | D        | Noticed a hellwing
  1911 | D        | Killed a deep troll
  1912 | D        | Reached skill level 15 in Earth Magic
  1917 | D        | Killed a hellwing
  1917 | D        | Received a gift from Sif Muna
  1918 | D        | Reached XP level 10. HP: 31/50 MP: 15/28
  1918 | D        | Got Sif Muna's Anthology of Feathery Obstruction {god gift}
  2100 | D        | Learned a level 4 spell: Iskenderun's Mystic Blast
  2108 | D        | Noticed an orc knight
  2112 | D        | Reached skill level 15 in Conjurations
  2152 | D        | Killed an orc knight
  2154 | D        | Received a gift from Sif Muna
  2155 | D        | Got Sif Muna's Treatise on Cooperative Battle Magic {god
                  | gift}
  2534 | D        | Noticed a guardian serpent
  2537 | D        | Killed a guardian serpent
  2538 | D        | Reached skill level 16 in Earth Magic
  2951 | D        | Noticed an orc knight
  2956 | D        | Slain by an orc warrior

Illustrated notes

Levels and vault maps discovered:
D:        pitsprint [storerooms_1, entrance_room_1, metal_vault_1, armoury_1,
          mini_pit_1, grid_room_1, main_hall_1, silver_pit, the_coven_3,
          the_vestibule_1, steel_vault_4, golden_pit, hallway_of_sentries,
          crystal_vault_1, iron_vault_1, final_vault]

Skill      XL: |  1  2  3  4  5  6  7  8  9 10 |
---------------+-------------------------------+-----
Conjurations   | 2 5 9 11 13 14 15 | 15.9
Invocations    | 1 3 6 7 9 10 11 | 11.4
Earth Magic    | 4 6 10 11 13 15 16 | 16.2
Spellcasting   | 5 8 9 11 12 13 | 13.7
Dodging        | |  2.4
Stealth        | |  2.4
Transmutations | |  1.1

Action                     |  1- 3 |  4- 6 |  7- 9 | 10-12 || total
---------------------------+-------+-------+-------+-------++-------
   Cast: Sandblast         |    14 |     3 |     1 |       ||    18
         Stone Arrow       |       |     2 |    47 |    17 ||    66
         Iskenderun's Batt |       |       |     4 |     4 ||     8
         Iron Shot         |       |       |     3 |     4 ||     7
 Invoke: Channel Magic     |       |       |     3 |     1 ||     4
    Use: Potion            |     1 |       |     2 |     2 ||     5
         Scroll            |     1 |       |       |     1 ||     2
 Armour: Robe              |     1 |       |     6 |     1 ||     8
  Dodge: Dodged            |     6 |     2 |    13 |     7 ||    28

Table legend: (Time is in decaauts)
 A = Elapsed time spent in this place.
 B = Non-inter-level travel time spent in this place.
 C = Inter-level travel time spent in this place.
 D = Time resting spent in this place.
 E = Time spent auto-exploring this place.
 F = Levels seen in this place.
 G = Mean time per level.
                   A        B        C        D        E       F      G
               +--------+--------+--------+--------+--------+-----+--------+
         Total |   2947 |   2884 |     63 |   2268 |      0 |   1 | 2947.0 |
       Dungeon |   2947 |   2884 |     63 |   2268 |      0 |   1 | 2947.0 |
               +--------+--------+--------+--------+--------+-----+--------+

Top non-repeatable levels by time:
       D: 2947 daAuts
